 Dungeon Crawl Stone Soup version 0.31.0-11-ge490571c62 (webtiles) character file.

Game seed: 17457034075297316943

85 SmokeWeed the Sneak (level 4, -3/29 HPs)
             Began as an Octopode Enchanter on Feb 3, 2024.
             Slain by a sleepcap (6 damage)
             ... on level 2 of the Dungeon.
             The game lasted 00:03:34 (1548 turns).

SmokeWeed the Sneak (Octopode Enchanter)            Turns: 1548, Time: 00:03:35

Health: -3/29      AC:  3    Str:  7    XL:     4   Next: 48%
Magic:  7/7        EV: 13    Int: 17    God:
Gold:   84         SH:  0    Dex: 14    Spells: 5/7 levels left

rFire   + . .        i - +7 spear of Valiance {flame, rElec SInv}
rCold   . . .        (no shield)
rNeg    . . .        (helmet restricted)
rPois   .            (no amulet)
rElec   +            c - ring of protection from fire
rCorr   .            (no ring)
SInv    +            (no ring)
Will    .....        (no ring)
Stlth   ++++         (no ring)
HPRegen 0.24/turn    (no ring)
MPRegen 0.10/turn    (no ring)
                     (no ring)

%: no passive effects
@: no status effects
A: almost no armour, amphibious, 8 rings, camouflage 1, gelatinous body 1,
(nimble swimmer 1), tentacles, iridescent scales 1
a: no special abilities


You were on level 2 of the Dungeon.
You visited 1 branch of the dungeon, and saw 2 of its levels.

You collected 84 gold pieces.

Inventory:

Hand Weapons
 a - a +1 dagger
 d - a +1 short sword of venom
 i - the +7 spear of Valiance (weapon) {flame, rElec SInv}
   (You found it on level 2 of the Dungeon)

   rElec:     It insulates you from electricity.
   SInv:      It lets you see invisible.
Jewellery
 c - a ring of protection from fire (left tentacle)
Potions
 b - 2 potions of invisibility
 e - 3 potions of heal wounds
 f - a potion of curing {unknown}
 g - a potion of attraction {unknown}


   Skills:
 + Level 2.2 Fighting
 - Level 1.0 Short Blades
 - Level 2.0 Dodging
 - Level 6.0 Stealth
 - Level 2.1 Spellcasting
 - Level 3.1 Hexes


You had 5 spell levels left.
You knew the following spells:

 Your Spells              Type           Power      Damage    Failure   Level
a - Ensorcelled Hibernat  Hex/Ice        14%        N/A       16%         2

Your spell library contained the following spells:

 Spells                   Type           Power      Damage    Failure   Level
 Confusing Touch          Hex            12%        N/A       16%         3
 Tukima's Dance           Hex            12%        N/A       16%         3
 Dazzling Flash           Conj/Hex       14%        N/A       30%         3


Dungeon Overview and Level Annotations

Branches:
Dungeon (2/15)

Altars:


Innate Abilities, Weirdness & Mutations

You cannot wear most types of armour.
You are amphibious.
You can wear up to eight rings at the same time.
Your skin changes colour to match your surroundings (Stealth+).
Your rubbery body absorbs attacks. (AC +1, EV +1)
((You are camouflaged when in or above water. (Stealth+)))
You have tentacles for arms and can constrict up to eight enemies at once.
You are partially covered in iridescent scales. (AC +2)


Message History

You now have 84 gold pieces (gained 11).
There is a fountain of clear blue water here.
There is a fountain of clear blue water here.
You open the door.
There is an open door here.
You open the door.
An adder comes into view.
You reach to attack!
The helpless adder fails to defend itself.
You hit the adder. You burn the adder.
The adder is severely wounded.
The adder barely misses you.
You hit the adder. You burn the adder.
You kill the adder!
Your Fighting skill increases to level 2!
There is an open door here.
You see here an adder corpse.
A sleepcap comes into view.
You hit the sleepcap. You burn the sleepcap. You grab the sleepcap.
You squeeze the sleepcap.
The sleepcap is moderately damaged.
You constrict the sleepcap. The sleepcap closely misses you.
You completely miss the sleepcap.
The sleepcap is moderately damaged.
You constrict the sleepcap, but do no damage.
The sleepcap releases spores at you!
You are engulfed in a cloud of soporific spores!
You fall asleep.
You lose your grip on the sleepcap.
The sleepcap releases spores at you!!
You wake up.
Ouch! That really hurt!
* * * LOW HITPOINT WARNING * * *
You are engulfed in a cloud of soporific spores!
You are unaffected.
You are too injured to fight recklessly!
You hit the sleepcap. You burn the sleepcap. You grab the sleepcap.
The sleepcap is heavily damaged.
You constrict the sleepcap, but do no damage.
The sleepcap releases spores at you.
You die...

..##....<....# #.# #...........
..'.#.......## #.# #...........
..####.....## #.####...........
### ####### #.#..[........... #.#
#.#.##........... ######.#
#######.#.##........... .......#
#....##.#.##^.......... ########
#.....>.........####### #
#.....@....#....#
############.#...f.....####
................######.##########
.................................
#########...)...######.##########
#######....# #........... #.####
#.########## #.#################
#..................


You could see a sleepcap.

Vanquished Creatures
  3 adders (D:2)
  4 dart slugs
  2 ribbon worms (D:2)
  5 endoplasms
  A giant cockroach (D:1)
  5 goblins
  4 hobgoblins (D:1)
  4 quokkas
  2 ball pythons (D:1)
  3 bats
  3 frilled lizards
  5 kobolds
  5 rats
46 creatures vanquished.

Notes
Turn   | Place    | Note
-------+----------+-------------------------------------------
     0 | D:1      | SmokeWeed the Octopode Enchanter began the quest for the
                  | Orb.
     0 | D:1      | Reached XP level 1. HP: 11/11 MP: 3/3
   154 | D:1      | Reached XP level 2. HP: 17/17 MP: 5/5
   225 | D:1      | Reached skill level 5 in Stealth
   299 | D:1      | Reached XP level 3. HP: 20/21 MP: 6/6
   896 | D:2      | Learned a level 2 spell: Ensorcelled Hibernation
   952 | D:2      | Identified the +7 spear of Valiance {flame, rElec SInv}
   978 | D:2      | Gained mutation: One of your tentacles bears a spike.
                  | [potion of mutation]
   978 | D:2      | Gained mutation: Your spells are a little easier to cast,
                  | but a little less powerful. [potion of mutation]
   982 | D:2      | Lost mutation: One of your tentacles bears a spike. [potion
                  | of mutation]
   982 | D:2      | Lost mutation: Your spells are a little easier to cast, but
                  | a little less powerful. [potion of mutation]
   982 | D:2      | Gained mutation: You occasionally lose the ability to read
                  | scrolls when taking damage. [potion of mutation]
   982 | D:2      | Gained mutation: Your magical capacity is low. (-10% MP)
                  | [potion of mutation]
   982 | D:2      | Gained mutation: One of your tentacles bears a spike.
                  | [potion of mutation]
   983 | D:2      | Lost mutation: You occasionally lose the ability to read
                  | scrolls when taking damage. [potion of mutation]
   983 | D:2      | Lost mutation: Your magical capacity is low. (-10% MP)
                  | [potion of mutation]
   983 | D:2      | Lost mutation: One of your tentacles bears a spike. [potion
                  | of mutation]
   983 | D:2      | Gained mutation: You are partially covered in iridescent
                  | scales. (AC +2) [potion of mutation]
  1051 | D:2      | Reached skill level 6 in Stealth
  1273 | D:2      | Reached skill level 1 in Fighting
  1273 | D:2      | Reached XP level 4. HP: 28/28 MP: 7/7
  1548 | D:2      | Slain by a sleepcap

Illustrated notes

Levels and vault maps discovered:
D:1:      dpeg_arrival_round_a, layout_basic, kennysheep_boxes
D:2:      layout_basic, grunt_ministairs_9, minmay_rat_hole

Skill      XL: |  1  2  3  4 |
---------------+-------------+-----
Stealth        | 5 6 |  6.0
Fighting       | 1 2 |  2.2
Short Blades   | |  1.0
Dodging        | |  2.0
Spellcasting   | |  2.1
Hexes          | |  3.1

Action                     |  1- 3 |  4- 6 || total
---------------------------+-------+-------++-------
  Melee: Dagger            |    14 |       ||    14
         Short sword       |    37 |       ||    37
         Constrict         |    13 |     3 ||    16
         Tentacles         |     9 |     2 ||    11
         Spear             |    18 |    12 ||    30
    Use: Scroll            |     4 |       ||     4
         Potion            |     3 |       ||     3
   Stab: Sleeping          |    16 |     4 ||    20
 Armour: Skin              |    16 |     3 ||    19
  Dodge: Dodged            |    20 |     3 ||    23
